Map: Romanticide LE

Players

Semper - Winner!

  • Race: Terran Terran

PureLegacy

  • Race: Terran Terran

Event: DreamHack SC2 Masters 2021 Winter

VOD

Have the link to the VOD?

Description

Time

  • Played on: Oct. 10, 2021, 4:26 p.m.
  • Length: 10:08

All games in this series

Show
View Real Time Build Order
Export as new Build Order

Semper Terran - Winner!

Build Orders: Cyclone Opening 

Get SALT Encoding   

  12  0:00  SCV  
  13  0:12  SCV  
  14  0:17  Supply Depot  
  14  0:24  SCV  
  15  0:38  SCV  
  15  0:39  Barracks  
  16  0:44  Refinery  
  16  0:50  SCV  
  16  0:52  Refinery  
  17  1:02  SCV  
  18  1:14  SCV  
  19  1:27  Reaper, Orbital Command  
  19  1:28  Supply Depot  
  20  1:41  Factory  
  20  1:52  SCV  
  21  1:59  Reaper  
  22  2:06  SCV  
  23  2:18  SCV  
  23  2:19  Command Center  
  24  2:27  Factory Tech Lab  
  24  2:30  SCV  
  24  2:33  Barracks Reactor  
  24  2:35  Supply Depot  
  25  2:42  SCV  
  26  2:45  Cyclone  
  29  2:54  SCV  
  30  3:00  Starport  
  30  3:09  SCV  
  30  3:13  Marine x2  
  30  3:18  Cyclone  
  34  3:22  SCV  
  35  3:30  Marine  
  35  3:31  Marine  
  35  3:32  Refinery  
  35  3:33  Orbital Command  
  37  3:37  Starport Tech Lab  
  37  3:39  SCV  
  38  3:49  Marine x2  
  38  3:50  Widow Mine  
  38  3:51  SCV  
  41  4:03  SCV  
  41  4:10  Raven, Marine x2  
  41  4:12  SCV  
  46  4:18  SCV  
  46  4:21  Siege Tank  
  51  4:24  Supply Depot, SCV  
  51  4:30  SCV  
  54  4:46  Supply Depot, SCV  
  54  4:47  Command Center  
  54  4:52  SCV  
  54  4:53  Raven  
  54  4:58  SCV  
  57  5:02  Siege Tank  
  57  5:05  SCV  
  61  5:08  Supply Depot  
  61  5:10  SCV  
  62  5:16  Marine x2  
  62  5:17  SCV  
  65  5:23  SCV  
  66  5:29  SCV  
  66  5:33  Supply Depot  
  66  5:35  Refinery  
  67  5:36  Supply Depot  
  67  5:42  SCV  
  64  5:53  SCV  
  64  5:55  Viking x2  
  67  5:57  Siege Tank  
  67  5:59  Marine  
  67  6:00  Stimpack  
  67  6:03  Orbital Command  
  71  6:07  SCV  
  71  6:09  SCV  
  73  6:18  Barracks  
  73  6:19  SCV  
  73  6:20  Barracks  
  73  6:21  SCV  
  73  6:33  Viking  
  73  6:35  Viking  
  73  6:37  SCV  
  78  6:46  SCV x2  
  80  6:49  SCV  
  80  6:52  Siege Tank  
  84  6:58  SCV  
  76  7:03  Viking  
  76  7:04  SCV  
  76  7:05  Viking  
  76  7:07  SCV  
  82  7:10  SCV  
  83  7:16  Marauder, Barracks Reactor, SCV, Barracks Tech Lab  
  83  7:19  SCV  
  83  7:22  SCV  
  88  7:28  SCV, Engineering Bay  
  89  7:31  SCV, Engineering Bay  
  89  7:33  Viking  
  89  7:34  SCV  
  89  7:35  Viking  
  93  7:40  SCV  
  93  7:43  SCV  
  95  7:50  SCV  
  96  7:52  SCV, Refinery x2  
  96  7:55  Supply Depot  
  96  7:56  Supply Depot  
  96  8:02  Marauder, Marine x2  
  96  8:03  Marauder, Viking  
  69  8:05  SCV, Viking  
  104  8:06  SCV  
  102  8:15  Siege Tank  
  105  8:20  SCV x2, Marine  
  105  8:23  Marauder, SCV  
  111  8:33  Liberator  
  111  8:37  SCV  
  111  8:39  Marine  
  111  8:40  Marauder, SCV, Marine  
  113  8:45  Marauder  
  113  8:46  SCV  
  116  8:50  Concussive Shells  
  116  8:54  SCV  
  117  8:55  Command Center  
  117  8:57  Marine  
  117  8:59  Supply Depot x2  
  117  9:00  Supply Depot, Marine  
  117  9:02  Supply Depot  
  121  9:06  SCV  
  121  9:08  Marauder  
  124  9:15  Marine  
  125  9:19  SCV x2  
  125  9:20  Liberator, Marine  
  125  9:21  SCV  
  125  9:23  Barracks  
  130  9:24  Barracks  
  122  9:34  Marauder, Marine  
  122  9:35  Marauder  
  122  9:37  Viking  
  127  9:38  Marine  
  127  9:41  SCV x2  
  130  9:49  Factory  
  131  9:53  Starport  
  131  9:56  SCV  
Show
View Real Time Build Order
Export as new Build Order

PureLegacy Terran 

Build Orders: Gas First Reaper Expand, Mech 

Get SALT Encoding   

  12  0:00  SCV  
  13  0:12  SCV  
  14  0:17  Supply Depot  
  14  0:24  SCV  
  15  0:30  Refinery  
  15  0:39  SCV  
  16  0:43  Barracks  
  16  0:51  SCV  
  17  1:03  SCV  
  18  1:15  SCV  
  19  1:30  Reaper, Orbital Command  
  20  1:44  Command Center  
  20  1:56  Factory  
  20  1:59  SCV  
  21  2:07  Barracks Reactor  
  21  2:11  SCV  
  22  2:16  Supply Depot  
  22  2:19  Refinery  
  22  2:23  SCV  
  23  2:38  SCV  
  24  2:45  Starport  
  24  2:47  Hellion x2  
  28  2:52  Barracks Tech Lab  
  28  2:53  SCV  
  28  2:57  Orbital Command  
  29  3:10  Hellion  
  30  3:13  Hellion  
  30  3:16  SCV  
  31  3:23  SCV  
  31  3:27  Raven  
  32  3:31  SCV  
  35  3:35  SCV  
  35  3:41  Supply Depot  
  36  3:43  SCV  
  36  3:44  Factory Tech Lab  
  36  3:47  SCV  
  38  3:49  Refinery  
  38  3:55  SCV  
  39  3:59  SCV  
  36  4:07  SCV  
  36  4:09  Siege Tank  
  35  4:11  Supply Depot, SCV  
  36  4:19  SCV  
  36  4:20  Viking  
  36  4:21  Viking  
  36  4:23  SCV  
  42  4:31  SCV  
  42  4:34  Supply Depot  
  42  4:35  SCV  
  44  4:41  Siege Tank  
  44  4:43  SCV  
  48  4:47  SCV  
  49  4:53  Viking x2  
  49  4:55  SCV  
  49  4:58  Supply Depot  
  49  4:59  SCV  
  55  5:08  SCV  
  55  5:10  Command Center  
  55  5:11  SCV  
  57  5:15  Siege Tank  
  57  5:20  SCV  
  61  5:21  Supply Depot  
  61  5:23  SCV, Refinery  
  62  5:30  Viking  
  62  5:31  Viking  
  62  5:33  SCV  
  67  5:38  SCV  
  69  5:50  Siege Tank  
  69  5:55  SCV  
  69  5:56  Supply Depot, SCV  
  71  5:59  Engineering Bay  
  71  6:08  SCV x2  
  71  6:09  Viking x2  
  77  6:19  Supply Depot  
  77  6:20  SCV x2  
  77  6:25  Siege Tank  
  82  6:32  SCV  
  83  6:34  SCV  
  81  6:40  Sensor Tower  
  81  6:44  Liberator  
  84  6:48  SCV x2  
  84  6:52  Orbital Command  
  83  7:00  SCV x2  
  81  7:02  Refinery  
  81  7:05  Refinery  
  78  7:12  SCV  
  78  7:13  SCV  
  80  7:17  Siege Tank  
  80  7:22  Factory  
  83  7:24  SCV x2  
  83  7:25  Factory, SCV  
  84  7:36  Supply Depot, SCV  
  84  7:37  SCV x2  
  87  7:40  Viking x2  
  87  7:42  Barracks Reactor  
  91  7:48  SCV  
  91  7:49  SCV x2  
  94  8:00  SCV  
  94  8:01  SCV  
  94  8:02  Siege Tank  
  94  8:03  Armory  
  94  8:04  SCV  
  100  8:10  Viking x2  
  100  8:13  SCV x2  
  100  8:16  SCV  
  100  8:18  Siege Tank  
  100  8:19  Starport  
  104  8:25  SCV x2  
  106  8:27  Command Center  
  100  8:36  Siege Tank  
  100  8:40  Hellion x2  
  104  8:42  Viking x2  
  104  8:43  SCV x2  
  109  8:48  SCV  
  109  8:55  SCV  
  110  8:57  Siege Tank  
  110  8:58  Starport Reactor  
  110  9:00  SCV x2  
  112  9:08  Supply Depot  
  112  9:09  Missile Turret, Sensor Tower  
  112  9:11  Hellion x2  
  112  9:12  Viking x2  
  120  9:17  Sensor Tower  
  120  9:23  Supply Depot  
  120  9:24  Supply Depot  
  103  9:41  Hellion x2  
  103  9:42  Hellion  
  116  9:46  SCV  

Tags
 
Add a new tag
Caveats
  • Supply blocks, unpowered buildings, or Contaminate may cause inaccurate times.
  • Supply counts are checked every 10 seconds.